 Dungeon Crawl Stone Soup version 0.28-a0-1629-gf728b707aa (webtiles) character file.

Game seed: 8488658163403053180

355 Ajdolov the Poker (level 6, -9/84 HPs)
             Began as a Naga Monk on Jan 25, 2022.
             Mangled by an ogre (13 damage)
             ... on level 5 of the Dungeon.
             The game lasted 00:07:21 (4141 turns).

Ajdolov the Poker (Naga Monk)                       Turns: 4141, Time: 00:07:22

Health: -9/84      AC: 23    Str: 13    XL:     6   Next: 63%
Magic:  6/6        EV:  1    Int: 19    God:
Gold:   155        SH:  0    Dex: 13    Spells: 3/5 levels left

rFire   . . .      SeeInvis +   x - +0 trident
rCold   . . .      Faith    .   (no shield)
rNeg    . . .      Spirit   .   (armour currently unavailable)
rPois   +          Reflect  .   (helmet currently unavailable)
rElec   .          Harm     .   (cloak currently unavailable)
rCorr   .          Rampage  .   (gloves currently unavailable)
Will    .....      NoTele   +   (no barding)
Stlth   ++........              (no amulet)
HPRegen 0.24/turn               f - ring of flight
MPRegen 0.10/turn               y - +6 ring of intelligence

@: short of breath, tree-form
A: stationary, stasis, torment immunity, boosted hp, AC +2, large, see
invisible, (deformed body), (poison resistance), (slowness 2), spit poison 1,
(naga tail 1)
a: Spit Poison


You were on level 5 of the Dungeon.
You were a tree.
You visited 1 branch of the dungeon, and saw 5 of its levels.

You collected 155 gold pieces.

Inventory:

Hand Weapons
 a - a +0 spear
 x - a +0 trident (weapon)
Armour
 b - a +0 robe
 d - a +0 chain mail (melded)
 n - a +0 hat
Magical Staves
 k - a staff of conjuration
Jewellery
 f - a ring of flight (left branch)
 y - a +6 ring of intelligence (right branch)
Wands
 z - a wand of flame (2)
Scrolls
 e - 2 scrolls of vulnerability {unknown}
 g - a scroll of immolation {unknown}
 i - a scroll of fear {unknown}
 j - a scroll of amnesia {unknown}
 m - 2 scrolls of teleportation {unknown}
 o - 3 scrolls of identify {unknown}
 p - a scroll of enchant armour {unknown}
 q - 5 scrolls of blinking {unknown}
 r - a scroll of summoning {unknown}
 s - a scroll of torment {unknown}
Potions
 c - a potion of berserk rage {unknown}
 h - a potion of brilliance
 l - 2 potions of resistance
 t - a potion of invisibility {unknown}
 u - a potion of lignification
 v - a potion of flight {unknown}
 w - a potion of mutation {unknown}


   Skills:
 - Level 3.0 Fighting
 * Level 6.3 Polearms
 - Level 2.4 Dodging
 - Level 3.0 Stealth
 + Level 2.3 Air Magic
 - Level 2.3 Poison Magic


You had 3 spell levels left.
You knew the following spells:

 Your Spells              Type           Power      Damage    Failure   Level
a - Poisonous Vapours     Pois/Air       16%        N/A       12%         2

Your spell library contained the following spells:

 Spells                   Type           Power      Damage    Failure   Level
 Corpse Rot               Necr/Air       8%         N/A       21%         2


Dungeon Overview and Level Annotations

Branches:
Dungeon (5/15)
 Temple: D:4-7

Altars:
Wu Jian

Annotations:
D:3 3 runed translucent doors, Protee's ghost, amateur OpTm


Innate Abilities, Weirdness & Mutations

You are a tree.
Your roots penetrate the ground, keeping you stationary.
You cannot be teleported.
You are immune to unholy pain and torment.
Your maximum health is greatly increased.
Your equipment is partially melded.
((Your serpentine skin is tough. (AC +2)))
You have supernaturally acute eyesight. (SInv)
((Armour fits poorly on your strangely shaped body.))
((Your system is resistant to poisons. (rPois)))
((You cover ground very slowly.))
You can spit poison.
((You have a snake-like lower body.))


Message History

You reach down and open the door.
Found a ring mail.
An ogre comes into view. It is wielding a +0 giant club.
The ogre shouts!
Aiming: Spit Poison (1% risk of failure)
Press: ? - help, Shift-Dir - straight line, f - ogre
Aim: an ogre, wielding a +0 giant club (81% to hit)
The splash of poison hits the ogre!
The ogre is moderately wounded.
The ogre hits you with a +0 giant club.
You hit the ogre.
The ogre is moderately wounded.
The ogre hits you with a +0 giant club!
You hit the ogre.
The ogre is moderately wounded.
The ogre hits you with a +0 giant club!
You hit the ogre.
The ogre is moderately wounded.
You have got your breath back.
The ogre hits you with a +0 giant club!!
* * * LOW HITPOINT WARNING * * *
Okay, then.
Okay, then.
It was a potion of lignification.
You turn into a tree.
Your +0 chain mail melds into your body.
Your roots penetrate the ground.
You puncture the ogre!
The ogre is heavily wounded.
The ogre hits you but does no damage.
You barely miss the ogre.
The ogre is heavily wounded.
The ogre hits you with a +0 giant club!
* * * LOW HITPOINT WARNING * * *
Aiming: Spit Poison (1% risk of failure)
Press: ? - help, Shift-Dir - straight line, f/p - ogre
Aim: an ogre, wielding a +0 giant club (heavily wounded, 81% to hit)
The splash of poison hits the ogre.
The ogre is severely wounded.
The ogre hits you with a +0 giant club!
You die...

### #.# #.. #.# #.#
#.# #### #.# .....
#########.#......
#####........♣O......
#.........###.#.[....
#.........# #.#......
#.........# #.# .....
#.........# #.# .....
#.........###.# ....
#######'###.....#
....
#...).....#.....#
#.#####.#.#....##


You could see an ogre.

Vanquished Creatures
  A sky beast (D:5)
  2 hounds (D:4)
  A bullfrog skeleton (D:4)
  A centaur skeleton (D:5)
  Ijyb (D:5)
  An orc wizard (D:4)
  A hound skeleton (D:4)
  2 adders
  A dart slug (D:1)
  9 orcs
  2 ball pythons
  2 endoplasms (D:3)
  A giant cockroach (D:4)
  8 goblins
  5 hobgoblins
  5 jackals
  5 kobolds
  4 quokkas
  4 bats
  4 frilled lizards
  A rat (D:1)
61 creatures vanquished.

Notes
Turn   | Place    | Note
-------+----------+-------------------------------------------
     0 | D:1      | Ajdolov the Naga Monk began the quest for the Orb.
     0 | D:1      | Reached XP level 1. HP: 21/21 MP: 1/1
    86 | D:1      | Reached XP level 2. HP: 13/28 MP: 2/2
   863 | D:2      | Found an ornate altar of the Wu Jian Council.
   936 | D:2      | Reached skill level 4 in Polearms
  1066 | D:2      | Reached XP level 3. HP: 31/34 MP: 3/3
  1069 | D:2      | Learned a level 2 spell: Poisonous Vapours
  1757 | D:3      | Reached skill level 1 in Poison Magic
  2148 | D:3      | Found a runed translucent gate.
  2301 | D:3      | Reached XP level 4. HP: 36/42 MP: 4/4
  2374 | D:3      | Found a runed translucent gate.
  2375 | D:3      | Found a runed translucent gate.
  2392 | D:3      | Noticed Protee's ghost (amateur OpTm)
  2763 | D:4      | Reached skill level 5 in Polearms
  2829 | D:4      | Reached XP level 5. HP: 31/49 MP: 5/5
  3072 | D:4      | Reached skill level 1 in Air Magic
  3569 | D:5      | Entered Level 5 of the Dungeon
  3586 | D:5      | Noticed a sky beast
  3596 | D:5      | Killed a sky beast
  3597 | D:5      | Reached skill level 6 in Polearms
  3597 | D:5      | Reached XP level 6. HP: 32/56 MP: 6/6
  3805 | D:5      | Noticed Ijyb
  3834 | D:5      | Killed Ijyb
  4140 | D:5      | HP: 4/84 [ogre (8)]
  4141 | D:5      | Mangled by an ogre

Illustrated notes

Levels and vault maps discovered:
D:1:      shiori_arrival_maze, layout_rooms
D:2:      layout_basic, basic_altar
D:3:      layout_basic, gammafunk_ghost_necromancy
D:4:      layout_basic
D:5:      layout_basic, gup_sewer_entry_spiral, uniq_ijyb

Skill      XL: |  1  2  3  4  5 |
---------------+----------------+-----
Polearms       | 4 5 6 |  6.3
Poison Magic   | 1 2 |  2.3
Air Magic      | 2 |  2.3
Fighting       | |  3.0
Dodging        | |  2.4
Stealth        | |  3.0

Action                   |  1- 3 |  4- 6 || total
-------------------------+-------+-------++-------
Melee: Spear             |   145 |    93 ||   238
       Punch             |       |     1 ||     1
       Trident           |       |    38 ||    38
 Abil: Spit Poison       |     4 |    10 ||    14
  Use: Potion            |       |     3 ||     3
 Stab: Sleeping          |     1 |       ||     1
Armor: Robe              |     3 |       ||     3
       Chain mail        |    54 |    45 ||    99
       Skin              |       |     1 ||     1
Dodge: Dodged            |    23 |    18 ||    41

Table legend: (Time is in decaauts)
 A = Elapsed time spent in this place.
 B = Non-inter-level travel time spent in this place.
 C = Inter-level travel time spent in this place.
 D = Time resting spent in this place.
 E = Time spent auto-exploring this place.
 F = Levels seen in this place.
 G = Mean time per level.
                   A        B        C        D        E       F      G
               +--------+--------+--------+--------+--------+-----+--------+
         Total |   4893 |   4763 |    130 |    826 |   3303 |   5 |  978.6 |
       Dungeon |   4893 |   4763 |    130 |    826 |   3303 |   5 |  978.6 |
               +--------+--------+--------+--------+--------+-----+--------+

Top non-repeatable levels by time:
     D:4: 1326 daAuts
     D:3: 1150 daAuts
     D:1: 956 daAuts
     D:2: 852 daAuts
     D:5: 607 daAuts
